 Dungeon Crawl Stone Soup version 0.27.0-1-g7a089689b8 (webtiles) character file.

Game seed: 17683717026201525500

29 Xeniu the Chiller (level 3, -1/36 HPs)
             Began as a Vampire Ice Elementalist on July 31, 2021.
             Was a Follower of Okawaru.
             Slain by an adder (2 damage)
             ... on level 2 of the Dungeon.
             The game lasted 00:07:34 (810 turns).

Xeniu the Chiller (Vampire Ice Elementalist)         Turns: 810, Time: 00:07:35

Health: -1/36      AC: 21    Str: 13    XL:     3   Next: 1%
Magic:  6/6        EV:  2    Int: 18    God:    Okawaru [*.....]
Gold:   55         SH:  0    Dex: 14    Spells: 5/6 levels left

rFire    . . .     SeeInvis +   l - +0 short sword
rCold    . . .     Faith    .   (no shield)
rNeg     + + +     Spirit   .   (armour currently unavailable)
rPois    +         Reflect  .   (helmet currently unavailable)
rElec    .         Harm     .   (cloak currently unavailable)
rCorr    .         Rampage  .   (gloves currently unavailable)
Will     .....     NoTele   +   (boots currently unavailable)
Stlth    ++........             (no amulet)
HPRegen  0.32/turn              e - +6 ring of strength
MPRegen  0.10/turn              (no ring)

@: lethally poisoned (-1 -> -3), tree-form, healing quickly
A: stationary, stasis, torment immunity, boosted hp, alive, (fangs 3), see
invisible, vampiric 2
a: Exsanguinate, Renounce Religion, Heroism


You were on level 2 of the Dungeon.
You worshipped Okawaru.
Okawaru was aware of your devotion.
You were a tree.
You visited 1 branch of the dungeon, and saw 2 of its levels.

You collected 55 gold pieces.

Inventory:

Hand Weapons
 c - a +0 dagger
 l - a +0 short sword (weapon)
Armour
 h - a +0 leather armour (melded)
Jewellery
 a - a ring of positive energy
 e - a +6 ring of strength (left branch)
Scrolls
 b - a scroll of fear {unknown}
 f - 2 scrolls of identify {unknown}
 i - 2 scrolls of teleportation {unknown}
Potions
 g - a potion of degeneration {unknown}
 j - a potion of might {unknown}
 k - a potion of flight {unknown}


   Skills:
 * Level 2.6 Dodging
 * Level 3.6 Stealth
 * Level 2.3 Spellcasting
 * Level 0.6 Conjurations
 + Level 4.1 Ice Magic


You had 5 spell levels left.
You knew the following spells:

 Your Spells              Type           Power      Damage    Failure   Level
a - Freeze                Ice            64%        1d8       3%          1

Your spell library contained the following spells:

 Spells                   Type           Power      Damage    Failure   Level
 Frozen Ramparts          Ice            32%        1d5       10%         3
 Ozocubu's Armour         Ice            16%        N/A       10%         3
 Summon Guardian Golem    Hex/Summ       2%         N/A       47%         3
 Hailstorm                Conj/Ice       10%        3d5       54%         4
 Orb of Destruction       Conj           2%         9d1       100%        7
 Spellforged Servitor     Conj/Summ      1%         N/A       100%        7


Dungeon Overview and Level Annotations

Branches:
Dungeon (2/15)

Altars:
Okawaru


Innate Abilities, Weirdness & Mutations

You are a tree.
Your roots penetrate the ground, keeping you stationary.
You cannot be teleported.
You are immune to unholy pain and torment.
Your maximum health is greatly increased.
Your equipment is partially melded.
Your natural rate of healing is accelerated.
((You have razor-sharp teeth.))
You have supernaturally acute eyesight. (SInv)
You are afflicted with vampirism and can become a bat while bloodless.


Message History

You can now turn into a vampire bat when bloodless.
The adder bites you.
Things that are here:
a +0 club; a goblin corpse You closely miss the adder.
The adder bites you.
You are poisoned.
The adder poisons you! The adder misses you.
You miss the adder.
You feel sick. The adder bites you.
You are more poisoned.
The adder poisons you!
You hit the adder but do no damage.
You feel very sick. The adder bites you.
You are lethally poisoned!
The adder poisons you!
You barely miss the adder.
You feel very sick. The adder misses you. The adder closely misses you.
A giant cockroach comes into view.
You hit the adder.
The adder is heavily wounded.
* * * LOW HITPOINT WARNING * * *
You feel very sick. The adder bites you.
* * * LOW HITPOINT WARNING * * *
You hit the adder.
The adder is almost dead.
* * * LOW HITPOINT WARNING * * *
You feel sick. The adder bites you but does no damage. The adder misses you.
* * * LOW HITPOINT WARNING * * *
You feel sick.
It was a potion of lignification.
You turn into a tree.
Your +0 leather armour melds into your body.
Your roots penetrate the ground.
* * * LOW HITPOINT WARNING * * *
You feel sick. The adder bites you but does no damage.
Keep bloodletting?
* * * LOW HITPOINT WARNING * * *
You feel sick. The adder bites you.
You die...

......#####.........#
......#.............#
....#.#.............#
....#...............#
...###.....#.......#
..## #.....##.....##
..)# #.........#.##
...# ##........#.#
..†####........#♣#
...............#S#
...........#####B#
...##.#.### #.#
.........< ...
..##....( . ..... ###
.##.## ...>#.. ....
.. .......## .... ##
.........


You could see an adder and a giant cockroach.

Vanquished Creatures
  2 dart slugs
  An orc (D:2)
  3 ball pythons
  An endoplasm (D:1)
  2 giant cockroaches
  3 goblins
  A jackal (D:1)
  2 quokkas
  2 bats
  A frilled lizard (D:2)
  2 kobolds
  A rat (D:1)
21 creatures vanquished.

Notes
Turn   | Place    | Note
-------+----------+-------------------------------------------
     0 | D:1      | Xeniu the Vampire Ice Elementalist began the quest for the
                  | Orb.
     0 | D:1      | Reached XP level 1. HP: 13/13 MP: 3/3
    51 | D:1      | Found a faded altar of an unknown god.
    73 | D:1      | Became a worshipper of Warmaster Okawaru
    73 | D:1      | Reached * piety under Okawaru
   230 | D:1      | Reached XP level 2. HP: 18/19 MP: 5/5
   801 | D:2      | Gained mutation: You are afflicted with vampirism and can
                  | become a bat while bloodless. [Vampire growth]
   801 | D:2      | Reached XP level 3. HP: 24/24 MP: 6/6
   808 | D:2      | HP: 1/24 [poisoned by an adder]
   810 | D:2      | Slain by an adder

Illustrated notes

Levels and vault maps discovered:
D:1:      elethiomel_arrival_quiet, layout_rooms, ebering_ecumenical_altar_webs,
          st_stairs_8, minmay_misc_feat_tiny, minmay_misc_feat_encased
D:2:      minmay_angry_zag, layout_rooms, uniq_crazy_yiuf_cottage

Action                   || total
-------------------------++-------
Melee: Dagger            ||    41
       Bite              ||     6
       Unarmed           ||     2
       Short sword       ||     7
 Cast: Freeze            ||    21
 Abil: Exsanguinate      ||     1
  Use: Potion            ||     1
Armor: Robe              ||    13
       Leather armour    ||    18
       Skin              ||     1
Dodge: Dodged            ||    54
